 Dungeon Crawl Stone Soup version 0.23.2-33-g5129a83184 (webtiles) character file.

Game seed: 11277473751642429097

19 Folque the Charmwright (level 2, -1/24 HPs)
             Began as a Centaur Skald on July 9, 2019.
             Slain by Natasha (3 damage)
             ... on level 2 of the Dungeon.
             The game lasted 00:02:08 (855 turns).

Folque the Charmwright (Centaur Skald)               Turns: 855, Time: 00:02:10

Health: -1/24      AC:  4    Str: 13    XL:     2   Next: 55%
Magic:  0/4        EV:  9    Int: 12    God:
Gold:   60         SH:  0    Dex:  8    Spells: 1/4 levels left

rFire    . . .     SeeInvis .   a - +0 hand axe
rCold    . . .     Gourm    .   (no shield)
rNeg     . . .     Faith    .   b - +0 leather armour
rPois    .         Spirit   .   (no helmet)
rElec    .         Reflect  .   (no cloak)
rCorr    .         Harm     .   (no gloves)
MR       .....                  (no barding)
Stlth    ..........             (no amulet)
HPRegen  0.08/turn              (no ring)
MPRegen  0.09/turn              (no ring)

@: infused, very slightly contaminated, very quick
A: large, hooves 3, deformed body, speed 2, tough skin 3
a: no special abilities


You were on level 2 of the Dungeon.
You were not hungry.

You visited 1 branch of the dungeon, and saw 2 of its levels.

You collected 60 gold pieces.

Inventory:

Hand Weapons
 a - a +0 hand axe (weapon)
Armour
 b - a +0 leather armour (worn)
Scrolls
 c - a scroll of enchant armour {unknown}
 i - a scroll of remove curse {unknown}
Potions
 e - a potion of heal wounds {unknown}
 g - a potion of agility {unknown}
 h - a potion of curing {unknown}
Comestibles
 d - 2 rations
 f - 12 chunks of flesh


   Skills:
 - Level 2.0 Fighting
 + Level 2.2 Axes
 - Level 0.6 Armour
 - Level 1.3 Dodging
 * Level 1.9 Spellcasting
 + Level 3.0 Charms


You had one spell level left.
You knew the following spells:

 Your Spells              Type           Power        Failure   Level  Hunger
a - Infusion              Chrm           #...         10%         1    ##.....
b - Shroud of Golubria    Chrm/Tloc      #.........   28%         2    ###....

Your spell library contained the following spells:

 Spells                   Type           Power        Failure   Level  Hunger
 Song of Slaying          Chrm           #.......     16%         2    ###....
 Regeneration             Chrm/Necr      #.........   50%         3    ####...
 Spectral Weapon          Hex/Chrm       #.......     50%         3    ####...


Dungeon Overview and Level Annotations

Branches:
Dungeon (2/15)

Altars:

Annotations:
D:2 Natasha


Innate Abilities, Weirdness & Mutations

You have hooves in place of feet.
Armour fits poorly on your strangely shaped body.
You cover ground very quickly.
You have extremely tough skin. (AC +3)


Message History

Natasha is moderately wounded.
Natasha completely misses you. The hobgoblin barely misses you.
You closely miss Natasha.
Natasha is moderately wounded.
You hit the hobgoblin. Natasha barely misses you.
The hobgoblin barely misses you.
You closely miss Natasha.
Natasha is moderately wounded.
You closely miss the hobgoblin. Natasha claws you.
* * * LOW HITPOINT WARNING * * *
A goblin comes into view. It is wielding a +0 club.
The hobgoblin hits you but does no damage.
You closely miss Natasha.
Natasha is moderately wounded.
The goblin shouts!
You hit the hobgoblin. Natasha claws you.
* * * LOW HITPOINT WARNING * * *
The hobgoblin hits you but does no damage.
Natasha claws you.
You die...

#####.#
#.<...# #
#.###..# #.
#.# # ##.# #.#
##...# #.#
##.....##.#
#.......#.###
#.?...h@....#
#......g..#.#
##........#...
..........#
###
###........
#.......#.
#..g....#..
##..#.### ##


You could see Natasha, a hobgoblin and a goblin.

Vanquished Creatures
  An ooze (D:1)
  2 goblins (D:1)
  4 hobgoblins (D:1)
  A ball python (D:1)
  3 frilled lizards (D:1)
  3 kobolds (D:1)
  2 rats (D:1)
16 creatures vanquished.

Notes
Turn   | Place    | Note
-------+----------+-------------------------------------------
     0 | D:1      | Folque the Centaur Skald began the quest for the Orb.
     0 | D:1      | Reached XP level 1. HP: 17/17 MP: 3/3
   337 | D:1      | Reached skill level 3 in Charms
   337 | D:1      | Reached XP level 2. HP: 11/24 MP: 0/4
   597 | D:1      | Learned a level 2 spell: Shroud of Golubria
   847 | D:2      | Noticed Natasha
   855 | D:2      | Slain by Natasha

Skill      XL: |  1 |
---------------+----+-----
Axes           | 2 |  2.2
Charms         | 3 |  3.0
Fighting       | |  2.0
Armour         | |  0.6
Dodging        | |  1.3
Spellcasting   | |  1.9

Action                   || total
-------------------------++-------
Melee: Hand axe          ||    49
       Kick              ||     2
 Cast: Infusion          ||     2
Armor: Leather armour    ||    17
Dodge: Dodged            ||    23
